 Dungeon Crawl Stone Soup version 0.27.1-3-gb3d3a73c9e (webtiles) character file.

Game seed: 5818771894693342683

56 loralnil the Digger (level 3, -2/26 HPs)
             Began as a Draconian Earth Elementalist on Oct 11, 2021.
             Slain by a goblin (3 damage)
             ... on level 2 of the Dungeon.
             The game lasted 00:03:00 (1841 turns).

loralnil the Digger (Draconian Earth Elementalist)  Turns: 1841, Time: 00:03:01

Health: -2/26      AC:  5    Str: 10    XL:     3   Next: 69%
Magic:  3/6        EV: 12    Int: 16    God:
Gold:   31         SH:  0    Dex: 11    Spells: 0/6 levels left

rFire    . . .     SeeInvis .   d - +1 long sword
rCold    . . .     Faith    .   (no shield)
rNeg     . . .     Spirit   .   (armour unavailable)
rPois    .         Reflect  .   (helmet restricted)
rElec    .         Harm     .   (no cloak)
rCorr    .         Rampage  .   (no gloves)
Will     .....                  (no boots)
Stlth    ++........             (no amulet)
HPRegen  0.08/turn              (no ring)
MPRegen  0.10/turn              (no ring)

@: no status effects
A: AC +5, unfitting armour, cold-blooded
a: no special abilities


You were on level 2 of the Dungeon.
You visited 1 branch of the dungeon, and saw 2 of its levels.

You collected 31 gold pieces.

Inventory:

Hand Weapons
 d - a +1 long sword (weapon)
Missiles
 b - 6 stones
Potions
 c - a potion of heal wounds {unknown}
 f - a potion of lignification {unknown}
 h - a potion of magic {unknown}


   Skills:
 + Level 2.2 Dodging
 + Level 2.3 Stealth
 + Level 2.4 Spellcasting
 + Level 1.7 Transmutations
 + Level 3.3 Earth Magic


You couldn't memorise any spells.
You knew the following spells:

 Your Spells              Type           Power      Damage    Failure   Level
a - Sandblast             Erth           24%        2d8       4%          1
b - Passwall              Tmut/Erth      8%         N/A       11%         2
c - Stone Arrow           Conj/Erth      14%        3d7       30%         3

Your spell library contained the following spells:

 Spells                   Type           Power      Damage    Failure   Level
 Shock                    Conj/Air       4%         1d3       21%         1
 Swiftness                Air            1%         N/A       52%         3
 Petrify                  Tmut/Erth      10%        N/A       56%         4
 Airstrike                Air            0%         N/A       89%         4


Dungeon Overview and Level Annotations

Branches:
Dungeon (2/15)

Altars:


Innate Abilities, Weirdness & Mutations

Your plain brown scales are hard. (AC +5)
You cannot fit into any form of body armour.
You are cold-blooded and may be slowed by cold attacks.


Message History

Aim: a kobold, wielding a +0 whip (74% to hit)
The blast of sand hits the kobold.
The kobold is severely wounded.
The kobold closely misses you.
Casting: Sandblast (safe; 4% risk of failure)
Confirm with . or Enter, or press ? or * to list all spells.
The spell is extremely dangerous to cast (30% risk of failure)!
Continue anyway?
Aiming: Stone Arrow (extremely dangerous; 30% risk of failure)
Press: ? - help, Shift-Dir - straight line, f/p - kobold
Aim: a kobold, wielding a +0 whip (severely wounded, 55% to hit)
The stone arrow hits the kobold!!
You kill the kobold!
Things that are here:
a +0 whip; a kobold corpse You enter the shallow water.
Moving in this stuff is going to be slow.
The goblin splashes around in the water.
The goblin hits you with a +0 trident of flaming.
The goblin burns you.
You hit the goblin.
The goblin is heavily wounded.
The goblin hits you with a +0 trident of flaming!
The goblin burns you.
The goblin splashes around in the water.
You closely miss the goblin.
The goblin is heavily wounded.
The goblin splashes around in the water.
You closely miss the goblin.
The goblin is heavily wounded.
The goblin hits you with a +0 trident of flaming.
The goblin burns you.
The goblin hits you with a +0 trident of flaming.
The goblin burns you.
* * * LOW HITPOINT WARNING * * *
You barely miss the goblin.
Your tail-slap misses the goblin.
The goblin is heavily wounded.
The goblin hits you with a +0 trident of flaming.
* * * LOW HITPOINT WARNING * * *
The goblin burns you.
You die...

#..>..# #. #.....# #.
#.....# #. #.....# #.
###)....###### #.
#.....)......### ##
#####.#.....####...#####
≈.≈≈....≈.....####......
≈≈≈≈≈≈≈@g≈≈≈.≈≈####.....
.≈≈≈≈≈≈.≈≈.≈≈≈......####
≈≈≈≈≈≈≈≈≈≈≈≈≈≈≈###### #
.≈.≈≈≈.≈≈≈≈≈≈≈≈#
.......≈..#≈≈≈≈# ##
###.......##≈≈≈# #.
#.......# #≈≈# #.
#.......# #≈ #. ....


You could see a goblin.

Vanquished Creatures
  Robin (D:1)
  An adder (D:2)
  A dart slug (D:1)
  2 endoplasms (D:1)
  12 goblins
  2 hobgoblins
  5 ball pythons
  4 bats
  2 frilled lizards
  2 kobolds
  A rat (D:1)
33 creatures vanquished.

Vanquished Creatures (others)
  A plant (D:1)
1 creature vanquished.

Grand Total: 34 creatures vanquished

Notes
Turn   | Place    | Note
-------+----------+-------------------------------------------
     0 | D:1      | loralnil the Draconian Earth Elementalist began the quest
                  | for the Orb.
     0 | D:1      | Reached XP level 1. HP: 14/14 MP: 3/3
   442 | D:1      | Found a faded altar of an unknown god.
   482 | D:1      | Reached XP level 2. HP: 20/20 MP: 3/5
   583 | D:1      | Learned a level 2 spell: Passwall
   965 | D:2      | Noticed Robin
  1101 | D:1      | HP: 1/20 [Robin (4)]
  1391 | D:1      | Killed Robin
  1392 | D:1      | Reached XP level 3. HP: 23/26 MP: 0/6
  1542 | D:2      | Learned a level 3 spell: Stone Arrow
  1841 | D:2      | HP: 1/26 [goblin (6)]
  1841 | D:2      | Slain by a goblin

Illustrated notes

Levels and vault maps discovered:
D:1:      roderic_crop_circles_arrival_small, layout_basic,
          chequers_ecumenical_altar_simple, nrook_mini_vaults,
          serial_bayou_pond_d, supply_closet_lemuel
D:2:      layout_rooms, chequers_serial_rivers_large_a, uniq_robin

Skill      XL: |  1  2 |
---------------+-------+-----
Stealth        | 2 |  2.3
Dodging        | 2 |  2.2
Spellcasting   | |  2.4
Transmutations | |  1.7
Earth Magic    | |  3.3

Action                   || total
-------------------------++-------
Melee: Unarmed           ||     2
       Long sword        ||    47
       Tailslap          ||     3
 Cast: Sandblast         ||    35
       Stone Arrow       ||     3
  Use: Scroll            ||     5
Armor: Skin              ||    39
Dodge: Dodged            ||    60
       Rpst.: Long sword ||    21
